 Dungeon Crawl Stone Soup version 0.31-a0-437-g7cee417757 (webtiles) character file.

Game seed: 10574036451902971279

19884 AdnanSaban the Basher (level 12, -3/84 HPs)
             Began as a Gargoyle Fighter on Aug 1, 2023.
             Was a High Priest of Okawaru.
             Slain by an unseen horror (4 damage)
             ... on level 12 of the Dungeon.
             The game lasted 00:16:00 (12927 turns).

AdnanSaban the Basher (Gargoyle Fighter)           Turns: 12927, Time: 00:16:01

Health: -3/84      AC: 31    Str: 25    XL:     12   Next: 73%
Magic:  12/12      EV: 13    Int:  9    God:    Okawaru [*****.]
Gold:   691        SH:  6    Dex: 11    Spells: 11/11 levels left

rFire   . . .        I - +3 eveningstar (holy)
rCold   . . .        c - +0 buckler
rNeg    + . .        y - +0 plate armour
rPois   ∞            x - +3 helmet "Goithuef" {Dex+2}
rElec   +            f - +0 cloak
rCorr   .            (no gloves)
SInv    .            l - +0 pair of boots
Will    .....        (no amulet) Stlth
                     O - +5 ring of evasion
HPRegen 0.34/turn    (no ring)
MPRegen 0.13/turn

%: no passive effects
@: invisible
A: sickness immunity, AC +8, negative energy resistance 1, electricity
resistance, torment resistance 1, petrification resistance, fangs 1, sense
surroundings 1, robust 1
a: Renounce Religion, Heroism, Finesse, Duel


You were on level 12 of the Dungeon.
You worshipped Okawaru.
Okawaru was extremely pleased with you.
You visited 1 branch of the dungeon, and saw 12 of its levels.

You collected 691 gold pieces.

Inventory:

Hand Weapons
 z - a +3 whip of electrocution
 I - a +3 eveningstar of holy wrath (weapon)
Missiles
 a - 8 javelins
 b - 36 poisoned darts (quivered)
 R - 2 boomerangs
Armour
 c - a +0 buckler (worn)
 f - a +0 cloak (worn)
 l - a +0 pair of boots (worn)
 x - the +3 helmet "Goithuef" (worn) {Dex+2}
   (You found it on level 4 of the Dungeon)

   Dex:       It affects your dexterity (+2).
 y - a +0 plate armour (worn)
Jewellery
 O - a +5 ring of evasion (left hand)
 P - a ring of ice
 Q - a ring of flight
Wands
 s - a wand of charming (11)
 v - a wand of flame (19)
 E - a wand of digging (1)
 H - a wand of iceblast (10)
 J - a wand of polymorph (9)
 S - a wand of mindburst (2)
Scrolls
 e - 9 scrolls of teleportation {unknown}
 g - 2 scrolls of noise {unknown}
 h - 14 scrolls of identify {unknown}
 i - a scroll of enchant weapon {unknown}
 n - 4 scrolls of fear {unknown}
 o - a scroll of amnesia {unknown}
 q - a scroll of enchant armour {unknown}
 t - 3 scrolls of revelation {unknown}
 u - 2 scrolls of vulnerability {unknown}
 w - a scroll of torment {unknown}
 A - a scroll of fog {unknown}
 B - a scroll of brand weapon {unknown}
 C - 3 scrolls of blinking {unknown}
 F - 2 scrolls of silence {unknown}
 M - a scroll of immolation {unknown}
 N - a scroll of butterflies {unknown}
Potions
 d - 3 potions of might
 j - 2 potions of berserk rage {unknown}
 k - 3 potions of mutation
 m - 3 potions of attraction {unknown}
 p - 2 potions of heal wounds {unknown}
 r - 2 potions of invisibility
 D - a potion of enlightenment {unknown}
 G - 2 potions of curing {unknown}
 K - a potion of lignification {unknown}
 L - a potion of resistance {unknown}
 T - a potion of magic {unknown}


   Skills:
 + Level 10.0 Fighting
 + Level 13.6 Maces & Flails
 + Level 3.4 Throwing
 + Level 10.6 Armour
 + Level 2.6 Dodging
 + Level 1.1 Stealth
 + Level 9.4 Shields
 + Level 0.6 Invocations


You had 11 spell levels left.
You didn't know any spells.
Your spell library contained the following spells:

 Spells                   Type           Power      Damage    Failure   Level
 Kiss of Death            Conj/Necr      0%         2d5       99%         1
 Confusing Touch          Hex            0%         N/A       100%        3
 Dispel Undead            Necr           0%         3d6       100%        4
 Orb of Destruction       Conj           0%         9d5       100%        7
 Summon Guardian Golem    Hex/Summ       Unusable   N/A       N/A         3
 Spellforged Servitor     Conj/Summ      Unusable   N/A       N/A         7

Dungeon Overview and Level Annotations

Branches:
Dungeon (12/15)            Temple (0/1) D:7            Lair (0/5) D:9
    Orc (0/2) D:9

Altars:
Gozag
Hepliaklqana
Kikubaaqudgha
Okawaru
Qazlal
Ru
Trog
Uskayaw
Yredelemnul
Zin
The Shining One
Jiyva

Shops:
D:4 ?   D:7 (   D:8 (   D:12 ?

Annotations:
D:4 3 runed translucent doors, Tinttamiau's ghost, novice VSBr
D:5 2 runed translucent doors, Stonecrops's ghost, novice GrFi
D:11 3 runed translucent doors, AdnanSaban's ghost, journeyman GrFi


Innate Abilities, Weirdness & Mutations

You are immune to sickness and miasma.
Your stone body is resilient. (AC +8)
You are immune to poison.
You resist negative energy. (rN+)
You are resistant to electric shocks. (rElec)
You are resistant to unholy torment.
You are immune to petrification.
You have very sharp teeth.
You passively map a small area around you.
You are robust. (+10% HP)


Message History

Something hits you but does no damage. x2
Something hits you but does no damage. Something hits you! Something hits you.
* * * LOW HITPOINT WARNING * * *
You miss something. Something hits you but does no damage.
Something hits you but does no damage.
Something hits you but does no damage. x2
You block something's attack. Something hits you but does no damage.
You hit something but do no damage. Something barely misses you.
Something hits you!
* * * LOW HITPOINT WARNING * * *
You barely miss something. Something hits you but does no damage.
You block something's attack. Something hits you.
* * * LOW HITPOINT WARNING * * *
Something hits you but does no damage. You block something's attack.
You closely miss something. Something hits you.
* * * LOW HITPOINT WARNING * * *
Something hits you.
* * * LOW HITPOINT WARNING * * *
You closely miss something. Something barely misses you.
Something hits you but does no damage.
You closely miss something.
Something hits you but does no damage. x2
You barely miss something. Something completely misses you. Something hits you.
* * * LOW HITPOINT WARNING * * *
You miss something. Something hits you but does no damage.
Something hits you but does no damage.
You closely miss something. Something hits you.
* * * LOW HITPOINT WARNING * * *
It was a potion of mutation.
You feel extremely strange.
Your teeth lengthen and sharpen.
You feel a strange attunement to the structure of the dungeons.
You feel robust.
You hit something. You bite something. Something hits you.
* * * LOW HITPOINT WARNING * * *
It was a potion of invisibility.
You fade into invisibility!
Something hits you.
You die...

..#######.# , #####.......#
###.......#.# ** * #.#######
#.........#.# ########.#######
#...........## #........#......
#.........#..## #.##....##......
#.........#...####.##.##.........
#.........#.#....#.##.#####......
#...(....)#.####.#.#..# #.......
#.........#.# #@#.#.## #.^.....
#.........#.# #...#.# #.......
....##....#.# ##..#.# #.......
.### .#...#.# #....# ##......
.##.....* #...## ##+#### ..
..###..,* ##>.# #. ..# .. #### *
, * , , , *


There were no monsters in sight!

Vanquished Creatures
  Gastronok (D:8)
  Fannar (D:10)
  2 boulder beetles
  6 two-headed ogres
  Pikel (D:5)
  2 cyclopes
  2 manticores
  Maurice (D:8)
  Joseph (D:7)
  A gargoyle (D:12)
  Maggie (D:8)
  An unseen horror (D:10)
  A komodo dragon (D:10)
  A troll (D:11)
  A hornet (D:8)
  Prince Ribbit (D:8)
  A vampire (D:11)
  A shadow (D:8)
  A wraith (D:10)
  4 wyverns
  4 humans (D:9)
  24 yaks
  Menkaure (D:6)
  Grum (D:9)
  2 water moccasins (D:5)
  A sky beast (D:7)
  A black bear (D:5)
  An orc warrior (D:9)
  2 ice beasts (D:6)
  An ogre (D:6)
  6 centaurs
  3 lemures (D:5)
  3 wolves (D:9)
  4 kobold brigands
  A phantom (D:7)
  6 bullfrogs
  A gnoll sergeant (D:10)
  8 scorpions
  8 wights
  6 killer bees (D:9)
  A howler monkey (D:5)
  7 orc priests
  3 hounds
  4 jellies
  2 iguanas
  11 orc wizards
  4 gnolls (D:10)
  9 adders
  4 shadow imps
  2 white imps (D:5)
  An ufetubus (D:7)
  A worm (D:3)
  3 dart slugs
  48 orcs
  6 ball pythons
  9 bats
  6 endoplasms
  4 giant cockroaches
  3 hobgoblins
  2 jackals (D:1)
  4 quokkas
  5 frilled lizards
  8 goblins
  22 kobolds
  3 rats
287 creatures vanquished.

Notes
Turn   | Place    | Note
-------+----------+-------------------------------------------
     0 | D:1      | AdnanSaban the Gargoyle Fighter began the quest for the
                  | Orb.
     0 | D:1      | Reached XP level 1. HP: 14/14 MP: 1/1
   159 | D:1      | Reached XP level 2. HP: 19/19 MP: 2/2
   742 | D:2      | Reached XP level 3. HP: 21/23 MP: 3/3
  1428 | D:3      | Found a bloodstained altar of Trog.
  1702 | D:3      | Reached XP level 4. HP: 29/29 MP: 4/4
  1708 | D:3      | Reached skill level 3 in Maces & Flails
  1769 | D:3      | Reached XP level 5. HP: 33/33 MP: 5/5
  2482 | D:4      | Found Nagoh's Magic Scroll Boutique.
  2550 | D:4      | Reached skill level 4 in Maces & Flails
  2612 | D:4      | Reached XP level 6. HP: 38/38 MP: 6/6
  2632 | D:4      | HP: 1/38 [orc/+0 flail (7)]
  3061 | D:4      | Identified the +3 helmet "Goithuef" {Dex+2}
  3081 | D:4      | Found a runed translucent gate.
  3081 | D:4      | Found a runed translucent gate.
  3081 | D:4      | Found a runed translucent gate.
  3086 | D:4      | Noticed Tinttamiau's ghost (novice VSBr)
  3274 | D:5      | Entered Level 5 of the Dungeon
  3305 | D:5      | Reached skill level 1 in Dodging
  3312 | D:5      | Noticed a water moccasin
  3316 | D:5      | Reached XP level 7. HP: 35/44 MP: 7/7
  3338 | D:5      | Reached skill level 5 in Maces & Flails
  3338 | D:5      | Reached skill level 5 in Armour
  3903 | D:5      | Reached skill level 6 in Maces & Flails
  3952 | D:5      | Reached XP level 8. HP: 40/48 MP: 8/8
  3963 | D:5      | Found a basalt altar of Yredelemnul.
  4083 | D:5      | Reached skill level 5 in Fighting
  4103 | D:5      | Found an iron altar of Okawaru.
  4157 | D:5      | Became a worshipper of Warmaster Okawaru
  4262 | D:5      | Found a large runed translucent door.
  4262 | D:5      | Found a large runed translucent door.
  4264 | D:5      | Noticed Stonecrops's ghost (novice GrFi)
  4692 | D:6      | Reached skill level 5 in Shields
  4828 | D:6      | Reached skill level 7 in Maces & Flails
  4842 | D:6      | Found a glowing silver altar of Zin.
  4904 | D:6      | Reached * piety under Okawaru
  4943 | D:6      | Noticed Pikel
  5098 | D:6      | Noticed a two-headed ogre
  5134 | D:5      | Killed Pikel
  5135 | D:5      | Reached XP level 9. HP: 15/55 MP: 9/9
  5441 | D:6      | Noticed Menkaure
  5451 | D:6      | Killed Menkaure
  5452 | D:6      | Reached skill level 8 in Maces & Flails
  5463 | D:6      | Killed a two-headed ogre
  5463 | D:6      | Reached ** piety under Okawaru
  5773 | D:6      | Found an opulent altar of Gozag.
  5977 | D:7      | Reached *** piety under Okawaru
  6048 | D:7      | Noticed Joseph
  6125 | D:7      | Found a staircase to the Ecumenical Temple.
  6279 | D:8      | Noticed a hornet
  6282 | D:8      | Noticed Maggie
  6296 | D:8      | Killed a hornet
  6297 | D:8      | Reached skill level 9 in Maces & Flails
  6297 | D:8      | Reached XP level 10. HP: 43/63 MP: 10/10
  6346 | D:8      | Killed Maggie
  6457 | D:8      | Noticed Gastronok
  6512 | D:8      | Killed Gastronok
  6512 | D:8      | Reached **** piety under Okawaru
  6513 | D:8      | Reached skill level 1 in Throwing
  6728 | D:8      | Reached skill level 10 in Maces & Flails
  6818 | D:8      | Found an ancient bone altar of Kikubaaqudgha.
  6845 | D:8      | Noticed Maurice
  6865 | D:8      | Killed Maurice
  7023 | D:8      | Found Sirae's Weapon Emporium.
  7045 | D:8      | Noticed a two-headed ogre
  7053 | D:8      | Killed a two-headed ogre
  7053 | D:8      | Reached ***** piety under Okawaru
  7111 | D:8      | Found a sacrificial altar of Ru.
  7147 | D:8      | Noticed Prince Ribbit
  7164 | D:8      | Killed Prince Ribbit
  7241 | D:8      | Found a hide-covered altar of Uskayaw.
  7654 | D:7      | Found a glowing golden altar of the Shining One.
  7766 | D:7      | Noticed a +0 great mace
  7767 | D:7      | Noticed a +0 executioner's axe
  7768 | D:7      | Found Wyzir's Weapon Emporium.
  8001 | D:7      | Killed Joseph
  8001 | D:7      | Received a gift from Okawaru
  8002 | D:7      | Reached XP level 11. HP: 67/68 MP: 11/11
  8229 | D:9      | Noticed Grum
  8234 | D:9      | Killed Grum
  8419 | D:9      | Noticed a manticore
  8425 | D:9      | Killed a manticore
  8536 | D:9      | Reached skill level 11 in Maces & Flails
  8588 | D:9      | Found a staircase to the Orcish Mines.
  8789 | D:9      | Found a staircase to the Lair.
  8816 | D:9      | Identified the +2 pair of gloves of Midwinter {*Corrode rF-
                  | rN+++ Stlth+} (Okawaru gifted it to you on level 9 of the
                  | Dungeon)
  8816 | D:9      | Received a gift from Okawaru
  9011 | D:9      | Found a hazy altar of Hepliaklqana.
  9455 | D:10     | Entered Level 10 of the Dungeon
  9567 | D:10     | Found a stormy altar of Qazlal.
  9776 | D:10     | Reached skill level 12 in Maces & Flails
  9865 | D:10     | Noticed a two-headed ogre
  9874 | D:10     | Killed a two-headed ogre
 10368 | D:10     | Noticed a two-headed ogre
 10375 | D:10     | Killed a two-headed ogre
 10376 | D:10     | Reached XP level 12. HP: 64/76 MP: 12/12
 10516 | D:10     | Noticed Fannar
 10546 | D:10     | Killed Fannar
 10547 | D:10     | Reached skill level 10 in Armour
 11297 | D:11     | Noticed a boulder beetle
 11315 | D:11     | Killed a boulder beetle
 11448 | D:11     | Found a runed translucent gate.
 11448 | D:11     | Found a runed translucent gate.
 11448 | D:11     | Found a runed translucent gate.
 11454 | D:11     | Noticed AdnanSaban's ghost (journeyman GrFi)
 11454 | D:11     | Noticed a great orb of eyes
 11541 | D:11     | Reached skill level 13 in Maces & Flails
 11727 | D:11     | Noticed a boulder beetle
 11751 | D:10     | Killed a boulder beetle
 12407 | D:11     | Noticed a two-headed ogre
 12418 | D:11     | Killed a two-headed ogre
 12419 | D:11     | Reached skill level 1 in Stealth
 12581 | D:11     | Noticed a two-headed ogre
 12587 | D:11     | Killed a two-headed ogre
 12725 | D:11     | Found a viscous altar of Jiyva.
 12771 | D:12     | Found Hidos's Magic Scroll Shop.
 12862 | D:12     | Reached skill level 10 in Fighting
 12924 | D:12     | HP: 3/77 [something (6)]
 12925 | D:12     | Gained mutation: You have very sharp teeth. [potion of
                  | mutation]
 12925 | D:12     | Gained mutation: You passively map a small area around you.
                  | [potion of mutation]
 12925 | D:12     | Gained mutation: You are robust. (+10% HP) [potion of
                  | mutation]
 12926 | D:12     | HP: 1/84 [something (3)]
 12927 | D:12     | Slain by an unseen horror

Illustrated notes

Levels and vault maps discovered:
D:1:      wander_arrival_chamber, layout_rooms, serial_forest,
          infiniplex_forest_lined_2, infiniplex_forest_end_2,
          infiniplex_forest_lined_room_2, infiniplex_forest_lined_corner,
          infiniplex_forest_clump_curved, infiniplex_forest_corner_1,
          hangedman_decor_clover_reticule
D:2:      layout_loops_ring
D:3:      layout_loops_corners, bloody_trog
D:4:      layout_basic, serial_shops, nicolae_shop_pleasant_corner_grove,
          gammafunk_ghost_necromancy, minmay_misc_feat_more_columns
D:5:      layout_loops_ring, mainiacjoe_overflow_catch_the_wave, serial_glass,
          glass_columns_a, glass_columns_b, glass_columns_c, glass_columns_a,
          glass_columns_c, glass_columns_b, minmay_strange_pillars,
          ebering_ghost_disaster_area, corexii_leaking_fountain
D:6:      layout_cave_pools, pdpol_temple_overflow_zin_treasury_gozag_greed,
          minmay_door_square, chequers_serial_rivers_room_a, uniq_pikel,
          uniq_menkaure
D:7:      layout_basic, old_standard_altar, temple_fountains, serial_shops,
          nicolae_shop_mannequins, minmay_checkerbox, uniq_joseph
D:8:      layout_basic, nicolae_kikubaaqudgha_miasma_corner,
          nicolae_ru_awakened_eye, mainiacjoe_overflow_brackets, serial_shops,
          nicolae_shop_bloodbath_and_beyond, hex_large, nicolae_the_louvre,
          uniq_gastronok, uniq_maurice, uniq_prince_ribbit1, uniq_maggie
D:9:      layout_basic, nicolae_hepliaklqana_hippocampus, lair_entry_dummy,
          orc_0_dummy, minmay_ruffians, uniq_grum
D:10:     layout_long_grid, nicolae_qazlal_general_emergency,
          kennysheep_generic_room_10, uniq_fannar
D:11:     layout_loops_corners, gammafunk_ghost_ooze, hangedman_decor_riveting,
          st_stairs_4, minmay_misc_feat_pillars, kennysheep_generic_room_5
D:12:     layout_basic, serial_shops, shop, grunt_ministairs_3, drop_trap,
          minmay_pinched_square

Skill      XL: |  1  2  3  4  5  6  7  8  9 10 11 12 |
---------------+-------------------------------------+-----
Armour         | 4 5 6 7 9 10 | 10.6
Fighting       | 4 6 7 9 10 | 10.0
Maces & Flails | 3 4 6 7 9 10 12 13 | 13.6
Shields        | 4 5 6 8 9 |  9.4
Dodging        | 1 2 |  2.6
Throwing       | 3 |  3.4
Stealth        | 1 |  1.1
Invocations    | |  0.6

Action                     |  1- 3 |  4- 6 |  7- 9 | 10-12 || total
---------------------------+-------+-------+-------+-------++-------
  Melee: Flail             |   162 |   217 |    99 |       ||   478
         Whip              |       |       |   260 |   125 ||   385
         Eveningstar       |       |       |       |   486 ||   486
         Bite              |       |       |       |     1 ||     1
  Throw: Dart              |       |       |       |    36 ||    36
 Invoke: Heroism           |       |       |       |     3 ||     3
    Use: Potion            |       |       |       |     2 ||     2
 Armour: Scale mail        |    71 |       |       |       ||    71
         Chain mail        |    59 |   173 |    65 |       ||   297
         Plate armour      |       |       |   202 |   424 ||   626
  Dodge: Dodged            |    93 |   108 |   127 |   201 ||   529
  Block: Buckler           |    40 |    63 |    96 |   155 ||   354

Table legend: (Time is in decaauts)
 A = Elapsed time spent in this place.
 B = Non-inter-level travel time spent in this place.
 C = Inter-level travel time spent in this place.
 D = Time resting spent in this place.
 E = Time spent auto-exploring this place.
 F = Levels seen in this place.
 G = Mean time per level.
                   A        B        C        D        E       F      G
               +--------+--------+--------+--------+--------+-----+--------+
         Total |  12937 |  12409 |    528 |    864 |   8927 |  12 | 1078.1 |
       Dungeon |  12937 |  12409 |    528 |    864 |   8927 |  12 | 1078.1 |
               +--------+--------+--------+--------+--------+-----+--------+

Top non-repeatable levels by time:
     D:5: 1676 daAuts
     D:9: 1552 daAuts
    D:11: 1519 daAuts
    D:10: 1416 daAuts
     D:8: 1413 daAuts
     D:3: 1382 daAuts
     D:6: 1027 daAuts
     D:7: 772 daAuts
     D:2: 705 daAuts
     D:4: 704 daAuts
     D:1: 583 daAuts
    D:12: 183 daAuts
